 Dungeon Crawl Stone Soup version 0.21.1 (webtiles) character file.

91 Firecrotchwizard the Poker (level 4, -3/33 HPs)
             Began as a Demonspawn Gladiator on Feb 2, 2018.
             Slain by Ajohnson's ghost (6 damage)
             ... on level 3 of the Dungeon.
             The game lasted 00:03:55 (2423 turns).

Firecrotchwizard the Poker (Demonspawn Gladiator)   Turns: 2423, Time: 00:03:56

Health: -3/33      AC:  6    Str: 14    XL:     4   Next: 34%
Magic:  4/4        EV: 11    Int: 10    God:
Gold:   47         SH:  4    Dex: 15    Spells: 3/3 levels left

rFire    . . .     SeeInvis .   a - +0 trident
rCold    . . .     Gourm    .   (no shield)
rNeg     . . .     Faith    .   l - +0 ring mail
rPois    .         Spirit   .   c - +0 helmet
rElec    .         Reflect  .   (no cloak)
rCorr    .         Harm     .   (no gloves)
MR       .....                  (no boots)
Stlth    ++........             (no amulet)
HPRegen  0.11/turn              (no ring)
MPRegen  0.09/turn              (no ring)

@: no status effects
A: large bone plates 1, nightstalker 1
a: no special abilities


You were on level 3 of the Dungeon.
You were not hungry.

You visited 1 branch of the dungeon, and saw 3 of its levels.

You collected 47 gold pieces.

Inventory:

Hand Weapons
 a - a +0 trident (weapon)
 e - a cursed +0 hand axe
   (You found it on level 1 of the Dungeon)
 j - a +0 antimagic spear
   (You found it on level 1 of the Dungeon)
 q - a +2 dagger of distortion
   (You found it on level 2 of the Dungeon)
Missiles
 d - 3 throwing nets {=f, !d}
Armour
 b - a +0 leather armour
 c - a +0 helmet (worn)
 l - a +0 ring mail (worn)
   (You found it on level 1 of the Dungeon)
 s - a +1 robe of positive energy
   (You found it on level 3 of the Dungeon)
Scrolls
 g - 4 scrolls of remove curse {unknown}
 i - a scroll of immolation {unknown}
 k - a scroll of teleportation {unknown}
 m - a scroll of enchant weapon {unknown}
 n - a scroll of magic mapping {unknown}
 p - a scroll of enchant armour {unknown}
Potions
 h - 2 potions of invisibility {unknown}
 o - a potion of degeneration {unknown}
Comestibles
 f - 5 rations {@e1}
 r - 4 chunks of flesh {@w0}


   Skills:
 - Level 2.0 Fighting
 * Level 4.7 Polearms
 - Level 1.7 Throwing
 - Level 2.6 Dodging


You had 3 spell levels left.
You didn't know any spells.

Dungeon Overview and Level Annotations

Branches:
Dungeon (3/15)

Altars:

Annotations:
D:3 Ajohnson's ghost, amateur HOFi; Grinder


Innate Abilities, Weirdness & Mutations

You are partially covered in large bone plates. (SH +4)
You are slightly more attuned to the shadows.


Message History

a club; a hobgoblin corpse You butcher the hobgoblin corpse.
r - 4 chunks of flesh {@w0} You see here a club. x2
Found a stone staircase leading down.
s - a glowing robe Health restored: 33 A kobold comes into view.
It is wielding a whip.
The kobold shouts!
Attack whom?
Aim: a kobold, wielding a whip You reach to attack!
You hit the kobold.
Grinder comes into view.
You hit the kobold but do no damage. The kobold hits you with a whip.
You take 2 damage, and have 31/33 hp.
You barely miss the kobold. The kobold hits you with a whip.
You take 1 damage, and have 30/33 hp.
You puncture the kobold!
You kill the kobold!
Grinder gestures at you.
You suddenly lose the ability to move!
Grinder gestures at you.
You shrug off the repeated paralysis!
Grinder gestures at you. You resist with significant effort.
You can move again.
You barely miss Grinder. Grinder hits you.
You writhe in agony.
You take 7 damage, and have 23/33 hp.
MASSIVE DAMAGE!!
You barely miss Grinder.
Grinder blinks!
No target in view!
No target in view!
A kobold comes into view. It is wielding a dagger.
The kobold shouts!
A giant cockroach comes into view.
The giant cockroach moves out of view.
Attack whom?
Aim: a kobold, wielding a dagger You reach to attack!
You hit the kobold. You closely miss the kobold. The kobold closely misses you.
You barely miss the kobold. The kobold barely misses you.
You barely miss the kobold.
The kobold hits you but does no damage. x2
Ajohnson's ghost (amateur Hill Orc Fighter) comes into view.
You barely miss the kobold.
The giant cockroach bites you but does no damage.
You block the kobold's attack.
You closely miss the kobold. The giant cockroach bites you.
The kobold hits you but does no damage.
You take 1 damage, and have 26/33 hp.
You hit the kobold.
You kill the kobold!
The giant cockroach bites you. Ajohnson's ghost hits you.
You block the giant cockroach's attack.
You take 7 damage, and have 19/33 hp.
MASSIVE DAMAGE!!
You see here a dagger.
Here: Ajohnson's ghost The floor.
Attack whom?
Aim: Ajohnson's ghost You reach to attack!
You hit Ajohnson's ghost but do no damage.
You block the giant cockroach's attack.
Attack whom?
Aim: Ajohnson's ghost You reach to attack!
You hit Ajohnson's ghost but do no damage.
The giant cockroach bites you.
The giant cockroach bites you but does no damage.
You take 1 damage, and have 18/33 hp.
Attack whom?
Aim: Ajohnson's ghost You reach to attack!
You hit Ajohnson's ghost but do no damage.
The giant cockroach bites you but does no damage.
Attack whom?
Aim: Ajohnson's ghost The giant cockroach is in the way.
You hit the giant cockroach.
You kill the giant cockroach!
Attack whom?
Aim: Ajohnson's ghost You hit Ajohnson's ghost.
Ajohnson's ghost closely misses you.
Attack whom?
Aim: Ajohnson's ghost (lightly damaged)
You barely miss Ajohnson's ghost. Ajohnson's ghost hits you!
* * * LOW HITPOINT WARNING * * *
You take 13 damage, and have 5/33 hp.
MASSIVE DAMAGE!!
Unknown command.
You hit Ajohnson's ghost but do no damage.
Ajohnson's ghost hits you but does no damage.
You hit Ajohnson's ghost but do no damage.
Ajohnson's ghost hits you.
* * * LOW HITPOINT WARNING * * *
You take 2 damage, and have 3/33 hp.
You puncture Ajohnson's ghost! Ajohnson's ghost barely misses you.
You barely miss Ajohnson's ghost. Ajohnson's ghost barely misses you.
You hit Ajohnson's ghost but do no damage.
Ajohnson's ghost hits you.
You die...

...........
#%##.#
.........#.
######....#
.........#
#....#....##
.......#.#
#....#.....#
########.#
#.............
#
####.#.....###
#.####%.# #.#
..# #@# ..#
#W# .
#.........#
#.........#
#........##
#........#
#........#
#........#


You could see Ajohnson's ghost.

Vanquished Creatures
  4 adders (D:2)
  A worm (D:2)
  A dart slug (D:1)
  2 leopard geckos
  2 ball pythons (D:1)
  2 giant cockroaches
  5 goblins
  11 hobgoblins
  2 jackals (D:2)
  6 kobolds
  2 bats (D:1)
  2 frilled lizards
  6 rats
46 creatures vanquished.

Notes
Turn   | Place    | Note
-------+----------+-------------------------------------------
     0 | D:1      | Firecrotchwizard the Demonspawn Gladiator began the quest for the Orb.
     0 | D:1      | Reached XP level 1. HP: 16/16 MP: 1/1
   123 | D:1      | Reached skill level 3 in Polearms
   292 | D:1      | Gained mutation: You are partially covered in large bone plates. (SH +4) [demonic ancestry]
   292 | D:1      | Reached XP level 2. HP: 20/22 MP: 0/2
   998 | D:1      | Reached XP level 3. HP: 25/27 MP: 3/3
  1213 | D:2      | Reached skill level 4 in Polearms
  1677 | D:2      | Gained mutation: You are slightly more attuned to the shadows. [demonic ancestry]
  1677 | D:2      | Reached XP level 4. HP: 23/33 MP: 4/4
  2376 | D:3      | Noticed Grinder
  2378 | D:3      | Paralysed by Grinder for 4 turns
  2409 | D:3      | Noticed Ajohnson's ghost (amateur HOFi)
  2418 | D:3      | HP: 5/33 [Ajohnson's ghost (14)]
  2423 | D:3      | Slain by Ajohnson's ghost

Skill      XL: |  1  2  3 |
---------------+----------+-----
Polearms       | 3 4 |  4.7
Fighting       | |  2.0
Throwing       | |  1.7
Dodging        | |  2.6

Action                   |  1- 3 |  4- 6 || total
-------------------------+-------+-------++-------
Melee: Trident           |    90 |    53 ||   143
       Spear             |    31 |       ||    31
 Stab: Sleeping          |     2 |     2 ||     4
  Eat: Chunk             |     2 |     3 ||     5
Armor: Leather armour    |     9 |       ||     9
       Ring mail         |    23 |    16 ||    39
Dodge: Dodged            |    36 |    13 ||    49
Block: Other             |    10 |     5 ||    15

Vault maps used:
D:1:      lemuel_arrival_tunnels, serial_co_window_serial, co_window_paths_a,
          co_window_paths_b, co_window_corner_a, co_window_corner_a,
          co_window_of_opportunity_a, co_window_paths_a, co_window_cross_1,
          co_window_broadway_a, co_window_2corner, co_window_unsneaky_path_a,
          co_window_broadway_a, co_window_paths_c, glass_columns_a,
          glass_columns_c
D:3:      uniq_grinder

Table legend:
 A = Turns spent in this place as a percentage of turns spent in the entire game.
 B = Non-inter-level travel turns spent in this place as a percentage of non-inter-level travel turns spent in the entire game.
 C = Inter-level travel turns spent in this place as a percentage of turns spent in this place.
 D = Turns resting spent in this place as a percentage of non-inter-level travel turns spent in this place.
 E = Turns spent auto-exploring this place as a percentage of non-inter-level travel turns spent in this place.
 F = Non-inter-level travel turns spent in this place divided by the number of levels of this place that you've seen.
                   A       B       C       D       E      F
               +-------+-------+-------+-------+-------+----------------------
         Total | 100.0 | 100.0 |   0.9 |  22.7 |  62.2 | 800.3
       Dungeon | 100.0 | 100.0 |   0.9 |  22.7 |  62.2 | 800.3
               +-------+-------+-------+-------+-------+----------------------

Table legend:
 A = Kills in this place as a percentage of kills in entire the game.
 B = Kills by you in this place as a percentage of kills by you in the entire game.
 C = Kills by friends in this place as a percentage of kills by friends in the entire game.
 D = Other kills in this place as a percentage of other kills in the entire game.
 E = Experience gained in this place as a percentage of experience gained in the entire game.
 F = Experience gained in this place divided by the number of levels of this place that you have seen.
                   A       B       C       D       E      F
               +-------+-------+-------+-------+-------+----------------------
         Total | 100.0 | 100.0 |   N/A |   N/A | 100.0 |  43.7
       Dungeon | 100.0 | 100.0 |   N/A |   N/A | 100.0 |  43.7
               +-------+-------+-------+-------+-------+----------------------
